[Event "WJCC U20 Open 2019"]
[Site "New Delhi"]
[Date "2019.10.15"]
[Round "1.28"]
[White "Milikow, Yoav"]
[Black "Muradli, Mahammad"]
[Result "1-0"]
[ECO "D31"]
[WhiteElo "2199"]
[BlackElo "2459"]
[Annotator "ChessBase"]
[PlyCount "95"]
[EventDate "2019.10.15"]
[EventType "swiss"]
[EventCountry "IND"]
[SourceTitle "playchess.com"]
[Source "ChessBase"]
[SourceQuality "1"]
[TimeControl "40/5400+30:1800+30"]

1. d4 d5 2. c4 e6 3. Nc3 Be7 4. cxd5 exd5 5. Bf4 c6 6. e3 Bf5 7. g4 Be6 8. h3 Nd7 9. Bd3 h5 10. gxh5 Ndf6 11. Qc2 Rxh5 12. O-O-O Bd6 13. Nce2 Bg4 14. Re1 Qa5 15. Rf1 Bxe2 16. Nxe2 O-O-O 17. Bxd6 Rxd6 18. Kb1 Rh4 19. f3 Nh5 20. Bf5+ Kb8 21. e4 Nf4 22. Nxf4 Rxf4 23. Qh2 g5 24. h4 dxe4 25. fxe4 Rxf1+ 26. Rxf1 Qd8 27. d5 Ka8 28. hxg5 cxd5 29. e5 Rc6 30. Qh7 Qxg5 31. Qxf7 a6 32. Qxd5 Ne7 33. Qd8+ Ka7 34. Qd4+ Rb6 35. Be4 Qg4 36. Rf7 Qh4 37. a4 Qe1+ 38. Ka2 Qb4 39. Qxb4 Rxb4 40. Bf3 Ng6 41. e6 a5 42. b3 Rb6 43. e7 Re6 44. Rf6 Rxf6 45. e8=Q Rxf3 46. Qxg6 Rc3 47. Qg5 Rc2+ 48. Kb1 1-0

[Event "WJCC U20 Open 2019"]
[Site "New Delhi"]
[Date "2019.10.15"]
[Round "1.30"]
[White "Doluweera, Minul Sanjula"]
[Black "Raghunandan, Kaumandur Srihari"]
[Result "1/2-1/2"]
[ECO "A41"]
[WhiteElo "2191"]
[BlackElo "2449"]
[Annotator "NA"]
[PlyCount "104"]
[EventDate "2019.10.15"]
[EventType "swiss"]
[EventCountry "IND"]
[SourceTitle "playchess.com"]
[Source "ChessBase"]
[SourceQuality "1"]
[TimeControl "40/5400+30:1800+30"]

1. d4 d6 2. Nf3 g6 3. c4 Bg7 4. Nc3 Nf6 5. e4 O-O 6. h3 e5 7. d5 Nh5 8. Nh2 Qe8 9. Be2 Nf4 10. Bf3 f5 11. g3 Nxh3 12. Bg2 fxe4 13. Be3 Qe7 14. Qd2 Na6 15. Nf1 Nf4 16. gxf4 exf4 17. Bxf4 Nc5 18. Be3 Nd3+ 19. Kd1 Ne5 20. Bg5 Bg4+ 21. Kc2 Qe8 22. Ne3 Bf3 23. Rag1 Bxg2 24. Rxg2 Nf3 25. Qd1 Nxg5 26. Rxg5 Rxf2+ 27. Kb1 Rf3 28. Qe1 Bd4 29. Ncd1 Bf6 30. Rg3 Qe5 31. Rhh3 Bh4 32. Rxg6+ hxg6 33. Rxh4 Raf8 34. Qh1 Qd4 35. Rg4 Kg7 36. Qg1 Qd3+ 37. Ka1 R8f6 38. a3 b5 39. cxb5 Rf1 40. Rxg6+ Rxg6 41. Qxf1 Qxf1 42. Nxf1 Kf6 43. Nfe3 Ke5 44. Kb1 Kf4 45. Kc2 Rg3 46. Nf1 Rg2+ 47. Kc3 Re2 48. Kd4 Kf3 49. Nc3 Rxb2 50. Nxe4 Rxb5 51. Nfd2+ Kf4 52. Nc3 Rb2 1/2-1/2

[Event "WJCC U20 Open 2019"]
[Site "New Delhi"]
[Date "2019.10.15"]
[Round "1.31"]
[White "Raja, Harshit"]
[Black "Papadiamandis, Elliot"]
[Result "1/2-1/2"]
[ECO "B99"]
[WhiteElo "2440"]
[BlackElo "2190"]
[Annotator "NA"]
[PlyCount "60"]
[EventDate "2019.10.15"]
[EventType "swiss"]
[EventCountry "IND"]
[SourceTitle "playchess.com"]
[Source "ChessBase"]
[SourceQuality "1"]
[TimeControl "40/5400+30:1800+30"]

1. e4 c5 2. Nf3 d6 3. d4 cxd4 4. Nxd4 Nf6 5. Nc3 a6 6. Bg5 e6 7. f4 Be7 8. Qf3 Qc7 9. O-O-O Nbd7 10. g4 b5 11. Bxf6 Nxf6 12. g5 Nd7 13. f5 Bxg5+ 14. Kb1 Ne5 15. Qh5 Qe7 16. fxe6 g6 17. exf7+ Kxf7 18. Qe2 Bg4 19. Qf2+ Qf6 20. Qxf6+ Bxf6 21. Be2 Bxe2 22. Ncxe2 Rhf8 23. Nf4 Rae8 24. Nd5 Ng4 25. a4 Nf2 26. Rhf1 Nxd1 27. Nxf6 Ne3 28. Rf3 Ke7 29. Nc6+ Ke6 30. Nd4+ Ke7 1/2-1/2

[Event "WJCC U20 Open 2019"]
[Site "New Delhi"]
[Date "2019.10.15"]
[Round "1.32"]
[White "Flores Quillas, Diego Saul Rodri"]
[Black "Murzin, Volodar"]
[Result "1/2-1/2"]
[ECO "B94"]
[WhiteElo "2164"]
[BlackElo "2433"]
[Annotator "NA"]
[PlyCount "68"]
[EventDate "2019.10.15"]
[EventType "swiss"]
[EventCountry "IND"]
[SourceTitle "playchess.com"]
[Source "ChessBase"]
[SourceQuality "1"]
[TimeControl "40/5400+30:1800+30"]

1. e4 c5 2. Nf3 d6 3. d4 cxd4 4. Nxd4 Nf6 5. Nc3 a6 6. Bg5 Nbd7 7. Qe2 Qc7 8. f4 e5 9. Nf5 h6 10. fxe5 dxe5 11. Bd2 Nc5 12. O-O-O Be6 13. Qf3 O-O-O 14. Be2 g6 15. Ne3 Be7 16. Ned5 Bxd5 17. exd5 Kb8 18. Be3 Rd6 19. Qg3 Nfd7 20. b4 Rc8 21. bxc5 Nxc5 22. Kb1 Rb6+ 23. Ka1 Nb3+ 24. cxb3 Qxc3+ 25. Kb1 Qc2+ 26. Ka1 Qc3+ 27. Kb1 Rxb3+ 28. axb3 Qxb3+ 29. Ka1 Qa3+ 30. Kb1 Qb4+ 31. Ka1 Qa4+ 32. Kb1 Qb3+ 33. Ka1 Qa3+ 34. Kb1 Qb3+ 1/2-1/2

[Event "WJCC U20 Open 2019"]
[Site "New Delhi"]
[Date "2019.10.15"]
[Round "1.40"]
[White "Lama, Milan"]
[Black "Di Benedetto, Edoardo"]
[Result "1/2-1/2"]
[ECO "C01"]
[WhiteElo "1976"]
[BlackElo "2401"]
[Annotator "NA"]
[PlyCount "33"]
[EventDate "2019.10.15"]
[EventType "swiss"]
[EventCountry "IND"]
[SourceTitle "playchess.com"]
[Source "ChessBase"]
[SourceQuality "1"]
[TimeControl "40/5400+30:1800+30"]

1. e4 e6 2. d4 d5 3. exd5 exd5 4. Bd3 Nc6 5. c3 Bd6 6. Nf3 Nge7 7. O-O Bg4 8. Nbd2 Qd7 9. Re1 f6 10. Nf1 O-O-O 11. b4 Rde8 12. a4 g5 13. a5 h5 14. b5 Nd8 15. b6 a6 16. bxc7 Bxc7 17. Ba3 1/2-1/2

[Event "WJCC U20 Open 2019"]
[Site "New Delhi"]
[Date "2019.10.15"]
[Round "1.41"]
[White "Sammed Jaykumar, Shete"]
[Black "Mohd Saprin, Amir Ghaazi"]
[Result "1/2-1/2"]
[ECO "C54"]
[WhiteElo "2392"]
[BlackElo "1942"]
[Annotator "NA"]
[PlyCount "44"]
[EventDate "2019.10.15"]
[EventType "swiss"]
[EventCountry "IND"]
[SourceTitle "playchess.com"]
[Source "ChessBase"]
[SourceQuality "1"]
[TimeControl "40/5400+30:1800+30"]

1. e4 e5 2. Nf3 Nc6 3. Bc4 Bc5 4. c3 Nf6 5. d3 d6 6. h3 a6 7. a4 Ba7 8. Nbd2 Ne7 9. Nf1 Ng6 10. Ng3 O-O 11. O-O h6 12. Bb3 Re8 13. Re1 Be6 14. Bc2 d5 15. exd5 Bxd5 16. a5 Qd7 17. Be3 Bxe3 18. fxe3 Rad8 19. e4 Be6 20. Kh2 Bd5 21. Kg1 Be6 22. Kh2 c6 1/2-1/2

[Event "WJCC U20 Open 2019"]
[Site "New Delhi"]
[Date "2019.10.15"]
[Round "1.43"]
[White "Amartuvshin, Ganzorig"]
[Black "Hamad, Essam"]
[Result "1/2-1/2"]
[ECO "E25"]
[WhiteElo "2391"]
[BlackElo "1849"]
[Annotator "NA"]
[PlyCount "41"]
[EventDate "2019.10.15"]
[EventType "swiss"]
[EventCountry "IND"]
[SourceTitle "playchess.com"]
[Source "ChessBase"]
[SourceQuality "1"]
[TimeControl "40/5400+30:1800+30"]

1. d4 Nf6 2. c4 e6 3. Nc3 Bb4 4. f3 d5 5. a3 Bxc3+ 6. bxc3 c5 7. cxd5 exd5 8. e3 O-O 9. Bd3 Nc6 10. Ne2 c4 11. Bc2 Re8 12. O-O b5 13. Ng3 h5 14. e4 h4 15. Nh1 h3 16. e5 hxg2 17. Kxg2 Nh5 18. f4 Qh4 19. f5 Rb8 20. Ng3 g6 21. Qf3 1/2-1/2

[Event "WJCC U20 Open 2019"]
[Site "New Delhi"]
[Date "2019.10.15"]
[Round "1.44"]
[White "Davis, Holden"]
[Black "Anuj, Shrivatri"]
[Result "0-1"]
[ECO "C50"]
[WhiteElo "1817"]
[BlackElo "2390"]
[Annotator "NA"]
[PlyCount "52"]
[EventDate "2019.10.15"]
[EventType "swiss"]
[EventCountry "IND"]
[SourceTitle "playchess.com"]
[Source "ChessBase"]
[SourceQuality "1"]
[TimeControl "40/5400+30:1800+30"]

1. e4 e5 2. Nf3 Nc6 3. Bc4 Nf6 4. d3 Bc5 5. O-O d6 6. h3 a6 7. a4 Ba7 8. c3 h6 9. Re1 g5 10. Be3 Bxe3 11. Rxe3 g4 12. hxg4 Nxg4 13. Re1 h5 14. d4 Qf6 15. Qe2 Ne7 16. Qd2 Rg8 17. Rd1 Nc6 18. Re1 Ne7 19. Rd1 Nc6 20. b4 h4 21. Qe2 Nh6 22. Qe3 Bh3 23. Ne1 Bxg2 24. Nxg2 Ng4 25. Qe2 h3 26. Nd2 Nxf2 0-1

[Event "WJCC U20 Open 2019"]
[Site "New Delhi"]
[Date "2019.10.15"]
[Round "1.45"]
[White "Dobrovoljc, Vid"]
[Black "Swarnavo, Choudhury"]
[Result "1-0"]
[ECO "B47"]
[WhiteElo "2389"]
[BlackElo "1797"]
[Annotator "NA"]
[PlyCount "75"]
[EventDate "2019.10.15"]
[EventType "swiss"]
[EventCountry "IND"]
[SourceTitle "playchess.com"]
[Source "ChessBase"]
[SourceQuality "1"]
[TimeControl "40/5400+30:1800+30"]

1. e4 c5 2. Nf3 e6 3. d4 cxd4 4. Nxd4 Nc6 5. Nc3 Qc7 6. f4 a6 7. Nxc6 bxc6 8. Bd3 d5 9. O-O Nf6 10. Qe2 Bc5+ 11. Kh1 h5 12. Be3 d4 13. Bg1 Qa5 14. Nb1 Rb8 15. Nd2 Qb6 16. Nb3 a5 17. c3 Be7 18. cxd4 a4 19. Nd2 Qa7 20. Nc4 c5 21. Rac1 cxd4 22. Ne5 Bd7 23. Rc4 Bc5 24. Rfc1 Bb6 25. Qd1 a3 26. Nxd7 Qxd7 27. bxa3 O-O 28. a4 Rfd8 29. h3 Ra8 30. Rc6 Qa7 31. Rb1 Rab8 32. Bh2 Re8 33. Rb5 Bc7 34. Qc2 Rxb5 35. axb5 Bb6 36. Rc8 g6 37. e5 Nd5 38. Rxe8+ 1-0

[Event "WJCC U20 Open 2019"]
[Site "New Delhi"]
[Date "2019.10.16"]
[Round "2.2"]
[White "Sargsyan, Shant"]
[Black "Aditya Mittal"]
[Result "1-0"]
[ECO "D45"]
[WhiteElo "2580"]
[BlackElo "2430"]
[Annotator "RC"]
[PlyCount "95"]
[EventDate "2019.10.15"]
[EventType "swiss"]
[EventCountry "IND"]
[SourceTitle "playchess.com"]
[Source "ChessBase"]
[SourceQuality "1"]
[TimeControl "40/5400+30:1800+30"]

1. d4 d5 2. c4 c6 3. Nf3 Nf6 4. Nc3 e6 5. e3 Nbd7 6. Qc2 b6 7. cxd5 cxd5 8. Nb5 Bb4+ 9. Bd2 Bxd2+ 10. Nxd2 O-O 11. Qc6 Rb8 12. Nxa7 e5 13. Qd6 Ne8 14. Qb4 Bb7 15. Be2 Nc7 16. O-O Ne6 17. Nb5 f5 18. dxe5 Nxe5 19. Nd4 Nc5 20. N2b3 Qd6 21. Rac1 Ned7 22. Bb5 f4 23. Bxd7 Qxd7 24. Qxb6 Nxb3 25. axb3 Rf6 26. Qc7 Qxc7 27. Rxc7 Ba6 28. Rfc1 fxe3 29. fxe3 Rbf8 30. h3 Bd3 31. Rc8 Rg6 32. Rxf8+ Kxf8 33. Rc6 Rxc6 34. Nxc6 Ke8 35. Kf2 Be4 36. g4 Kd7 37. Nd4 Kd6 38. b4 g5 39. Kg3 Bd3 40. Nf3 h6 41. Nd4 Be4 42. Nf5+ Kc6 43. Nxh6 Bg6 44. Nf5 Kb5 45. Nd4+ Kxb4 46. Nf3 Kb3 47. Nxg5 Kxb2 48. h4 1-0

[Event "WJCC U20 Open 2019"]
[Site "New Delhi"]
[Date "2019.10.16"]
[Round "2.4"]
[White "Praggnanandhaa R"]
[Black "Bronstein, Or"]
[Result "1-0"]
[ECO "B91"]
[WhiteElo "2567"]
[BlackElo "2413"]
[Annotator "ChessBase"]
[PlyCount "91"]
[EventDate "2019.10.15"]
[EventType "swiss"]
[EventCountry "IND"]
[SourceTitle "playchess.com"]
[Source "ChessBase"]
[SourceQuality "1"]
[TimeControl "40/5400+30:1800+30"]

1. e4 c5 2. Nf3 d6 3. d4 cxd4 4. Nxd4 Nf6 5. Nc3 a6 6. g3 e5 7. Nde2 Be7 8. Bg2 b5 9. Nd5 Nbd7 10. Nec3 Nb6 11. Nxf6+ Bxf6 12. b3 Qc7 13. Qd3 b4 14. Nd1 a5 15. c4 bxc3 16. Nxc3 O-O 17. O-O Ba6 18. Nb5 Qd7 19. a4 Rfb8 20. Be3 Nc8 21. Rfc1 Ne7 22. Bf1 d5 23. Qd1 Rc8 24. Bb6 Rxc1 25. Rxc1 Bg5 26. Rc7 Qe6 27. Bc5 Rd8 28. h4 Bf6 29. Kh2 Bc8 30. Bxe7 Bxe7 31. exd5 Qf6 32. Bg2 Bb4 33. Qc2 Bd7 34. Nc3 Qb6 35. Ne4 h6 36. Qc4 Kh8 37. Bh3 f5 38. Rxd7 Rxd7 39. Bxf5 Rc7 40. Qe2 Rf7 41. Qh5 Rf8 42. d6 Bxd6 43. Qg6 Rxf5 44. Qxf5 Qd4 45. g4 Be7 46. g5 1-0

[Event "WJCC U20 Open 2019"]
[Site "New Delhi"]
[Date "2019.10.16"]
[Round "2.5"]
[White "Agmanov, Zhandos"]
[Black "Hakobyan, Aram"]
[Result "1/2-1/2"]
[ECO "C96"]
[WhiteElo "2403"]
[BlackElo "2561"]
[Annotator "RC"]
[PlyCount "76"]
[EventDate "2019.10.15"]
[EventType "swiss"]
[EventCountry "IND"]
[SourceTitle "playchess.com"]
[Source "ChessBase"]
[SourceQuality "1"]
[TimeControl "40/5400+30:1800+30"]

1. e4 e5 2. Nf3 Nc6 3. Bb5 a6 4. Ba4 Nf6 5. O-O Be7 6. Re1 b5 7. Bb3 O-O 8. c3 d6 9. h3 Na5 10. Bc2 c5 11. d4 Nd7 12. Nbd2 exd4 13. cxd4 Nc6 14. Nf1 cxd4 15. Nxd4 Nxd4 16. Qxd4 Ne5 17. Qd1 Bf6 18. Ne3 Be6 19. a4 Rc8 20. axb5 axb5 21. Ra6 Rc6 22. Rxc6 Nxc6 23. Nd5 Be5 24. Bd3 b4 25. Qa4 Nd4 26. Be3 Qh4 27. Bxd4 Bxd4 28. Ne3 Rb8 29. Qc2 b3 30. Qc7 Rc8 31. Qxd6 Bc5 32. Qe5 Bxe3 33. Rxe3 Rc1+ 34. Bf1 h6 35. Rg3 g5 36. Rc3 Rxc3 37. Qxc3 Qxe4 38. Bd3 Qf4 1/2-1/2

[Event "WJCC U20 Open 2019"]
[Site "New Delhi"]
[Date "2019.10.16"]
[Round "2.6"]
[White "Santos Ruiz, Miguel"]
[Black "Hollan, Martin"]
[Result "1-0"]
[ECO "B32"]
[WhiteElo "2560"]
[BlackElo "2403"]
[Annotator "RC"]
[PlyCount "67"]
[EventDate "2019.10.15"]
[EventType "swiss"]
[EventCountry "IND"]
[SourceTitle "playchess.com"]
[Source "ChessBase"]
[SourceQuality "1"]
[TimeControl "40/5400+30:1800+30"]

1. e4 c5 2. Nf3 Nc6 3. d4 cxd4 4. Nxd4 e5 5. Nb5 a6 6. Nd6+ Bxd6 7. Qxd6 Qe7 8. Qd1 Nf6 9. Nc3 d6 10. Bg5 Be6 11. Nd5 Bxd5 12. exd5 Nb8 13. c4 O-O 14. Be2 Nbd7 15. O-O Rfb8 16. a4 a5 17. Bd3 h6 18. Bd2 Nc5 19. Bc2 b6 20. Re1 Rf8 21. Ra3 Kh8 22. Rh3 e4 23. Bc3 Ng8 24. Rg3 f6 25. Qg4 Qf7 26. Bxe4 Nxa4 27. Bg6 Qc7 28. Bf5 g5 29. Bd4 Qg7 30. h4 Rf7 31. hxg5 Qxg5 32. Qf3 Qd2 33. Rd1 Qb4 34. Be6 1-0

[Event "WJCC U20 Open 2019"]
[Site "New Delhi"]
[Date "2019.10.16"]
[Round "2.7"]
[White "Gazik, Viktor"]
[Black "Amartuvshin, Ganzorig"]
[Result "0-1"]
[ECO "E69"]
[WhiteElo "2546"]
[BlackElo "2391"]
[Annotator "ChessBase"]
[PlyCount "116"]
[EventDate "2019.10.15"]
[EventType "swiss"]
[EventCountry "IND"]
[SourceTitle "playchess.com"]
[Source "ChessBase"]
[SourceQuality "1"]
[TimeControl "40/5400+30:1800+30"]

1. d4 Nf6 2. Nf3 g6 3. g3 Bg7 4. Bg2 O-O 5. O-O d6 6. c4 Nbd7 7. Nc3 e5 8. e4 c6 9. h3 Qa5 10. Re1 exd4 11. Nxd4 Ne5 12. Bf1 Qb6 13. Be3 c5 14. Nc2 Be6 15. b3 Nfd7 16. Bd2 Nc6 17. Rc1 Nd4 18. Nxd4 cxd4 19. Na4 Qc7 20. Nb2 a5 21. Nd3 Nc5 22. Qc2 b6 23. Nf4 Rae8 24. a3 Bd7 25. b4 Ba4 26. Qb1 axb4 27. axb4 Nb3 28. Rcd1 Nxd2 29. Rxd2 Bc6 30. Rdd1 Ra8 31. Ne2 Ba4 32. Rc1 Bc6 33. Qd3 Ra4 34. Rb1 f5 35. exf5 gxf5 36. Nf4 Be4 37. Qb3 Rfa8 38. c5+ Kh8 39. cxb6 Qxb6 40. Rbc1 Rxb4 41. Qe6 Qb7 42. Bd3 d5 43. Rc6 Rb3 44. Ba6 Qb4 45. Rf1 Rg8 46. Rc8 Rxc8 47. Qxc8+ Qf8 48. Rc1 Rc3 49. Qxf8+ Bxf8 50. Rd1 Bd6 51. Bf1 Bxf4 52. gxf4 Bf3 53. Rd3 Kg7 54. Rxd4 Rc1 55. Rd2 Kf6 56. Ra2 d4 57. Rd2 Ke6 58. Ra2 d3 0-1

[Event "WJCC U20 Open 2019"]
[Site "New Delhi"]
[Date "2019.10.16"]
[Round "2.8"]
[White "Anuj Shrivatri"]
[Black "Harsha Bharathakoti"]
[Result "1/2-1/2"]
[ECO "E91"]
[WhiteElo "2390"]
[BlackElo "2530"]
[Annotator "RC"]
[PlyCount "60"]
[EventDate "2019.10.15"]
[EventType "swiss"]
[EventCountry "IND"]
[SourceTitle "playchess.com"]
[Source "ChessBase"]
[SourceQuality "1"]
[TimeControl "40/5400+30:1800+30"]

1. d4 Nf6 2. c4 g6 3. Nc3 Bg7 4. e4 d6 5. Nf3 O-O 6. Be2 Na6 7. O-O e5 8. Be3 c6 9. Re1 Ng4 10. Bg5 f6 11. Bh4 Nc7 12. h3 Nh6 13. c5 dxc5 14. dxe5 Qxd1 15. Raxd1 fxe5 16. Be7 Re8 17. Bxc5 Nf7 18. Bc4 Be6 19. Bxe6 Nxe6 20. Be3 b6 21. b4 Rad8 22. b5 c5 23. Nd2 Nd6 24. a4 Nd4 25. Rc1 h6 26. f3 Kf7 27. Nd5 Rd7 28. Kf2 g5 29. Nc4 Nxc4 30. Rxc4 Ne6 1/2-1/2

[Event "WJCC U20 Open 2019"]
[Site "New Delhi"]
[Date "2019.10.16"]
[Round "2.9"]
[White "Visakh N R"]
[Black "Dobrovoljc, Vid"]
[Result "1/2-1/2"]
[ECO "D45"]
[WhiteElo "2529"]
[BlackElo "2389"]
[Annotator "RC"]
[PlyCount "53"]
[EventDate "2019.10.15"]
[EventType "swiss"]
[EventCountry "IND"]
[SourceTitle "playchess.com"]
[Source "ChessBase"]
[SourceQuality "1"]
[TimeControl "40/5400+30:1800+30"]

1. d4 Nf6 2. c4 e6 3. Nf3 d5 4. Nc3 c6 5. e3 Nbd7 6. Qc2 Bd6 7. b3 O-O 8. Be2 b6 9. O-O Bb7 10. Bb2 Qe7 11. Rad1 Rad8 12. e4 Nxe4 13. Nxe4 dxe4 14. Qxe4 f5 15. Qe3 c5 16. Ng5 Rfe8 17. Bf3 cxd4 18. Bxd4 Bxf3 19. Nxf3 e5 20. Bc3 Nf6 21. Qg5 Qe6 22. Qh4 h6 23. Bb2 Ne4 24. Rd5 Nf6 25. Rdd1 Ne4 26. Rd5 Nf6 27. Rdd1 1/2-1/2

[Event "WJCC U20 Open 2019"]
[Site "New Delhi"]
[Date "2019.10.16"]
[Round "2.10"]
[White "Mendonca, Leon Luke"]
[Black "Lobanov, Sergei"]
[Result "1/2-1/2"]
[ECO "D11"]
[WhiteElo "2388"]
[BlackElo "2516"]
[Annotator "ChessBase"]
[PlyCount "106"]
[EventDate "2019.10.15"]
[EventType "swiss"]
[EventCountry "IND"]
[SourceTitle "playchess.com"]
[Source "ChessBase"]
[SourceQuality "1"]
[TimeControl "40/5400+30:1800+30"]

1. d4 d5 2. c4 c6 3. Nf3 Nf6 4. g3 dxc4 5. Bg2 g6 6. O-O Bg7 7. a4 Ne4 8. Qc2 Nd6 9. e4 Na6 10. h3 Nb4 11. Qe2 Nd3 12. Nc3 O-O 13. Be3 f5 14. e5 Nf7 15. b3 Qa5 16. Nb1 f4 17. Bd2 Qa6 18. bxc4 Qxc4 19. Na3 Qa6 20. g4 Ndxe5 21. Qxa6 Nxf3+ 22. Bxf3 bxa6 23. Bxc6 Rb8 24. Bxf4 Rb6 25. Bg2 Bxd4 26. Rad1 e5 27. Be3 Bxe3 28. fxe3 Rb4 29. Bd5 Kg7 30. Nc4 Ng5 31. Rxf8 Kxf8 32. Nxe5 Nxh3+ 33. Kg2 Ng5 34. Kg3 Kg7 35. Rc1 Kf6 36. Rxc8 Kxe5 37. Rc5 Ne4+ 38. Bxe4+ Kxe4 39. Rc7 Rxa4 40. Rxh7 Ra5 41. Rxa7 g5 42. Kf2 Ra2+ 43. Kg3 Kxe3 44. Rg7 Ra5 45. Rg6 Ke4 46. Re6+ Kd4 47. Rg6 Ke3 48. Re6+ Kd2 49. Rg6 Ke2 50. Kg2 Ke3 51. Kg3 Kd4 52. Kf3 Ra3+ 53. Kf2 Ra5 1/2-1/2

[Event "WJCC U20 Open 2019"]
[Site "New Delhi"]
[Date "2019.10.16"]
[Round "2.11"]
[White "Iniyan, P."]
[Black "Sankalp Gupta"]
[Result "1/2-1/2"]
[ECO "C18"]
[WhiteElo "2509"]
[BlackElo "2369"]
[Annotator "ChessBase"]
[PlyCount "93"]
[EventDate "2019.10.15"]
[EventType "swiss"]
[EventCountry "IND"]
[SourceTitle "playchess.com"]
[Source "ChessBase"]
[SourceQuality "1"]
[TimeControl "40/5400+30:1800+30"]

1. e4 e6 2. d4 d5 3. Nc3 Bb4 4. e5 c5 5. a3 Bxc3+ 6. bxc3 Qa5 7. Bd2 Qa4 8. Qb1 c4 9. g3 Nc6 10. Bg2 b6 11. h4 Bd7 12. Nh3 Nge7 13. h5 h6 14. Nf4 O-O-O 15. Bh3 Rde8 16. O-O Nd8 17. Ra2 g5 18. hxg6 fxg6 19. Qb4 Qc6 20. a4 h5 21. Bg2 g5 22. Nh3 g4 23. Nf4 h4 24. gxh4 Rxh4 25. a5 b5 26. a6 Nf7 27. Ne2 Ng6 28. f3 gxf3 29. Rxf3 Rh7 30. Rg3 Nh4 31. Nf4 Nh6 32. Bh1 N4f5 33. Rg6 Ne7 34. Rg5 Nhf5 35. Ra1 Qb6 36. Qa5 Qxa5 37. Rxa5 b4 38. Bf3 Reh8 39. Nh5 bxc3 40. Bxc3 Nc6 41. Rc5 Kd8 42. Rxf5 exf5 43. Rxd5 Rxh5 44. Bxh5 Rxh5 45. e6 Rh7 46. exd7 Rxd7 47. Rxf5 1/2-1/2

[Event "WJCC U20 Open 2019"]
[Site "New Delhi"]
[Date "2019.10.16"]
[Round "2.14"]
[White "Haria, Ravi"]
[Black "De Silva, L M S T"]
[Result "1-0"]
[ECO "C84"]
[WhiteElo "2463"]
[BlackElo "1879"]
[Annotator "ChessBase"]
[PlyCount "95"]
[EventDate "2019.10.15"]
[EventType "swiss"]
[EventCountry "IND"]
[SourceTitle "playchess.com"]
[Source "ChessBase"]
[SourceQuality "1"]
[TimeControl "40/5400+30:1800+30"]

1. e4 e5 2. Nf3 Nc6 3. Bb5 a6 4. Ba4 Nf6 5. O-O Be7 6. d3 b5 7. Bb3 d6 8. Bd2 O-O 9. h3 Bb7 10. a3 Nb8 11. Nc3 c5 12. Bg5 Nbd7 13. Nh2 b4 14. axb4 cxb4 15. Na4 d5 16. exd5 Nxd5 17. Bd2 Kh8 18. Qf3 N7f6 19. Qe2 Bd6 20. Nf3 Qc7 21. Rfe1 Rae8 22. Ng5 h6 23. Ne4 Nf4 24. Qf1 Nh7 25. f3 Be7 26. Qf2 Qd8 27. Qb6 Qc8 28. Bxf4 exf4 29. Nd6 Bxd6 30. Qxd6 Ng5 31. Qxf4 Bxf3 32. h4 Nh3+ 33. gxh3 Qxh3 34. Qh2 Qg4+ 35. Kf2 Bc6 36. Qg3 Qd4+ 37. Kf1 f5 38. Rxe8 Rxe8 39. Re1 Rf8 40. Re6 f4 41. Qf2 Qd7 42. Nc5 Qc8 43. Qd4 Kh7 44. Kf2 Rd8 45. Rxc6 Qxc6 46. Qxd8 Qxc5+ 47. d4 Qf5 48. h5 1-0

[Event "WJCC U20 Open 2019"]
[Site "New Delhi"]
[Date "2019.10.16"]
[Round "2.19"]
[White "Wang, Shixu B"]
[Black "Gholami, Aryan"]
[Result "1/2-1/2"]
[ECO "D38"]
[WhiteElo "2370"]
[BlackElo "2554"]
[Annotator "RC"]
[PlyCount "66"]
[EventDate "2019.10.15"]
[EventType "swiss"]
[EventCountry "IND"]
[SourceTitle "playchess.com"]
[Source "ChessBase"]
[SourceQuality "1"]
[TimeControl "40/5400+30:1800+30"]

1. d4 Nf6 2. c4 e6 3. Nf3 d5 4. Nc3 Bb4 5. e3 O-O 6. Bd2 c6 7. Bd3 Nbd7 8. O-O Qe7 9. a3 dxc4 10. Bxc4 Bd6 11. Qc2 b5 12. Bd3 Bb7 13. Ng5 h6 14. Nge4 Nxe4 15. Nxe4 c5 16. dxc5 Nxc5 17. Nxc5 Bxc5 18. Bh7+ Kh8 19. Be4 Rac8 20. Bc3 a5 21. Bxb7 Qxb7 22. Rfd1 b4 23. axb4 axb4 24. Qb3 Rfd8 25. Rac1 Qb6 26. Rxd8+ Rxd8 27. Be1 Be7 28. h3 Kg8 29. Qc2 h5 30. b3 h4 31. Qc7 Bf6 32. Qf4 Rd3 33. Qxb4 Rxb3 1/2-1/2

[Event "WJCC U20 Open 2019"]
[Site "New Delhi"]
[Date "2019.10.16"]
[Round "2.21"]
[White "O`Donnell, Conor"]
[Black "Nigmatov, Ortik"]
[Result "1/2-1/2"]
[ECO "E73"]
[WhiteElo "2345"]
[BlackElo "2494"]
[Annotator "ChessBase"]
[PlyCount "179"]
[EventDate "2019.10.15"]
[EventType "swiss"]
[EventCountry "IND"]
[SourceTitle "playchess.com"]
[Source "ChessBase"]
[SourceQuality "1"]
[TimeControl "40/5400+30:1800+30"]

1. c4 Nf6 2. Nc3 g6 3. e4 d6 4. d4 Bg7 5. Be2 O-O 6. Be3 c5 7. dxc5 Qa5 8. Bd2 Qxc5 9. Nf3 Bg4 10. Be3 Qa5 11. O-O Nbd7 12. a3 Rfc8 13. b4 Qd8 14. Rc1 Qf8 15. Qd2 Be6 16. Qa2 Ne5 17. Nxe5 dxe5 18. Bd3 Bh6 19. Bxh6 Qxh6 20. Qe2 Qg5 21. c5 Rd8 22. g3 Rd4 23. Rcd1 Rad8 24. Rc1 Ra8 25. Rcd1 Rad8 26. Rc1 Ra8 27. Rcd1 Rad8 28. Nb5 R4d7 29. Nxa7 Nh5 30. h4 Qg4 31. c6 bxc6 32. Nxc6 Rxd3 33. Qxg4 Bxg4 34. Rxd3 Rxd3 35. Nxe5 Rxa3 36. Nxg4 Rb3 37. Ne5 Rxb4 38. Re1 Nf6 39. Nc6 Rb7 40. Re2 Kg7 41. f3 Rc7 42. Rc2 Nd7 43. Nd4 Rb7 44. Kf2 e5 45. Ne2 f5 46. Nc3 Nf6 47. exf5 gxf5 48. Re2 e4 49. Nd1 Kg6 50. Ne3 Rb3 51. fxe4 fxe4 52. g4 Kf7 53. g5 Nh5 54. Nc4 Rf3+ 55. Kg1 Ke6 56. Nd2 Rg3+ 57. Kh2 Rd3 58. Nxe4 Kf5 59. Nf2 Rf3 60. Kg2 Ra3 61. Re7 Nf4+ 62. Kg1 Kg6 63. Re4 Rg3+ 64. Kf1 Rf3 65. Kg1 Kh5 66. Re7 Kg6 67. Re4 Nd5 68. Kg2 Rb3 69. Re6+ Kf5 70. Rh6 Rb7 71. Kf3 Rb3+ 72. Ke2 Rb2+ 73. Kf3 Rb3+ 74. Ke2 Nf4+ 75. Kd2 Rb7 76. Rf6+ Ke5 77. Ng4+ Ke4 78. Nf2+ Ke5 79. Nd3+ Nxd3 80. Kxd3 Rb4 81. Rh6 Rb7 82. Ke3 Kf5 83. Kd4 Ra7 84. Kc5 Rg7 85. Kd5 Ra7 86. Rf6+ Kg4 87. Rh6 Kf5 88. Rf6+ Kg4 89. Rh6 Kf5 90. Rf6+ {[%emt 0:00:13] Ke5+} 1/2-1/2

[Event "WJCC U20 Open 2019"]
[Site "New Delhi"]
[Date "2019.10.16"]
[Round "2.22"]
[White "Arjun Kalyan"]
[Black "Saurabh Anand"]
[Result "1/2-1/2"]
[ECO "C55"]
[WhiteElo "2483"]
[BlackElo "2236"]
[Annotator "RC"]
[PlyCount "79"]
[EventDate "2019.10.15"]
[EventType "swiss"]
[EventCountry "IND"]
[SourceTitle "playchess.com"]
[Source "ChessBase"]
[SourceQuality "1"]
[TimeControl "40/5400+30:1800+30"]

1. e4 e5 2. Nf3 Nc6 3. Bc4 Nf6 4. d3 Be7 5. O-O O-O 6. Re1 d6 7. a4 Na5 8. Ba2 c5 9. Na3 Nc6 10. c3 a6 11. h3 h6 12. Bd2 Re8 13. Nc2 Be6 14. Bxe6 fxe6 15. b4 cxb4 16. Nxb4 Nxb4 17. cxb4 b5 18. Qb3 Qd7 19. axb5 axb5 20. Ra5 Rab8 21. Rea1 Rb7 22. Be3 Rc8 23. Ra7 Kf7 24. g4 Nh7 25. Rxb7 Qxb7 26. Ra7 Qc6 27. Qa2 Rc7 28. Ra6 Qc3 29. Bc5 Ng5 30. Be3 Nh7 31. Bc5 Ng5 32. Nxg5+ hxg5 33. Ra7 Qxd3 34. Be3 Rxa7 35. Qxa7 Qb1+ 36. Kh2 Qxb4 37. Bxg5 d5 38. exd5 exd5 39. Qb7 Qc5 40. Qa7 1/2-1/2